 Dungeon Crawl Stone Soup version 0.27-a0-1273-gec92ba881d (webtiles) character file.

Game seed: 10639211266116291522

595 freelancePsychic the Skirmisher (level 7, -2/55 HPs)
             Began as a Human Fighter on June 11, 2021.
             Was a Follower of Makhleb.
             Slain by an ogre
             ... wielding a +0 giant spiked club
              (15 damage)
             ... on level 4 of the Dungeon.
             The game lasted 00:09:35 (5076 turns).

freelancePsychic the Skirmisher (Human Fighter)     Turns: 5076, Time: 00:09:35

Health: -2/55      AC:  9    Str: 19    XL:     7   Next: 67%
Magic:  10/10      EV:  7    Int:  8    God:    Makhleb [*.....]
Gold:   101        SH:  9    Dex: 12    Spells: 6/6 levels left

rFire    . . .     SeeInvis .   b - +2 dagger (venom)
rCold    . . .     Faith    .   c - +0 kite shield
rNeg     . . .     Spirit   .   p - +0 scale mail
rPois    .         Reflect  .   (no helmet)
rElec    .         Harm     .   u - +0 cloak
rCorr    .         Rampage  .   e - +0 pair of gloves
Will     .....                  (no boots)
Stlth    ..........             (no amulet)
HPRegen  0.18/turn              s - ring of flight
MPRegen  0.12/turn              (no ring)

@: flying
A: no striking features
a: Renounce Religion


You were on level 4 of the Dungeon.
You worshipped Makhleb.
Makhleb was aware of your devotion.
You visited 1 branch of the dungeon, and saw 5 of its levels.

You collected 101 gold pieces.

Inventory:

Hand Weapons
 a - a +1 broad axe of freezing
 b - a +2 dagger of venom (weapon)
 l - a +0 hunting sling
Missiles
 o - 25 arrows
 r - 2 boomerangs of dispersal
Armour
 c - a +0 kite shield (worn)
 e - a +0 pair of gloves (worn)
 p - a +0 scale mail (worn)
 u - a +0 cloak (worn)
Jewellery
 s - a ring of flight (left hand)
Wands
 q - a wand of charming (5)
Scrolls
 g - 2 scrolls of amnesia
Potions
 d - a potion of might
 f - a potion of curing {@q1}
 i - a potion of flight {unknown}
 k - a potion of resistance
 m - a potion of brilliance


   Skills:
 + Level 4.5 Fighting
 - Level 3.8 Short Blades
 * Level 3.6 Axes
 - Level 1.4 Bows
 - Level 3.0 Armour
 - Level 3.0 Shields
 * Level 4.2 Invocations


You had 6 spell levels left.
You didn't know any spells.
Your spell library contained the following spells:

 Spells                   Type           Power      Damage    Failure   Level
 Animate Skeleton         Necr           0%         N/A       99%         1
 Pain                     Necr           0%         1d4       99%         1
 Vampiric Draining        Necr           0%         2d6       100%        3
 Animate Dead             Necr           0%         N/A       100%        4
 Agony                    Necr           0%         N/A       100%        5


Dungeon Overview and Level Annotations

Branches:
Dungeon (5/15)
 Temple: D:4-7

Altars:
Makhleb
Trog
Wu Jian
Xom


Message History

No target in view!
No target in view!
No target in view!
No target in view!
No target in view!
No target in view!
No target in view!
No target in view!
No target in view!
No target in view!
Adjust (i)tems, (s)pells, or (a)bilities?
r - a +1 broad axe of freezing (weapon)
Adjust to which letter? (? for menu, Esc to quit)
a - a +1 broad axe of freezing (weapon);
r - 2 boomerangs of dispersal Adjust (i)tems, (s)pells, or (a)bilities?
p - a +2 dagger of venom Adjust to which letter? (? for menu, Esc to quit)
b - a +2 dagger of venom;
p - a +0 scale mail (worn)
Your +1 broad axe of freezing stops glowing.
Your +2 dagger of venom begins to drip with poison!
b - a +2 dagger of venom (weapon)
(D) Dungeon
Where to? (Enter - D:5, ? - help) Magic restored.
There is a stone staircase leading down here.
You fly downwards.
You block the ogre's attack.
The ogre hits you with a +0 giant spiked club!
There is a stone staircase leading up, spattered with blood here.
You hit the ogre.
The ogre is poisoned.
The ogre is lightly wounded.
You hit the ogre but do no damage.
The ogre looks even sicker.
The ogre is lightly wounded.
The ogre hits you with a +0 giant spiked club!!
The ogre hits you with a +0 giant spiked club!
* * * LOW HITPOINT WARNING * * *
You fly upwards.
There is a stone staircase leading down here.
Okay, then.
The ogre hits you with a +0 giant spiked club!
You die...

#### #.# #.# #.#
#################
#...............#
#...............#
#...............#
##.#############O#
...# #.# #@# ####
#.# #.# # #.# #.#
# #.# #.# # #.#
#.# # #.# #.# #
### #.# ####.# #
#.# #.###.##.# #
#.# #........#


You could see an ogre (poisoned).

Vanquished Creatures
  2 ogres
  A phantom (D:4)
  A scorpion (D:4)
  A hound (D:4)
  2 iguanas
  An orc wizard (D:5)
  A hound zombie (D:3)
  2 hound skeletons (D:4)
  6 adders
  2 worms
  2 dart slugs
  13 orcs
  7 bats
  6 endoplasms
  3 giant cockroaches
  5 goblins
  6 hobgoblins
  3 jackals (D:5)
  7 kobolds
  2 quokkas (D:3)
  10 ball pythons
  6 frilled lizards
  4 rats
93 creatures vanquished.

Vanquished Creatures (others)
  An adder (D:3)
  2 orcs (D:3)
  A bat (D:3)
  An endoplasm (D:3)
  2 goblins (D:3)
  2 hobgoblins (D:3)
  A rat (D:3)
  2 demonic plants (D:1)
  A plant (D:1)
13 creatures vanquished.

Grand Total: 106 creatures vanquished

Notes
Turn   | Place    | Note
-------+----------+-------------------------------------------
     0 | D:1      | freelancePsychic the Human Fighter began the quest for the
                  | Orb.
     0 | D:1      | Reached XP level 1. HP: 18/18 MP: 1/1
   204 | D:1      | Reached XP level 2. HP: 20/24 MP: 2/2
   295 | D:1      | Found a faded altar of an unknown god.
   509 | D:1      | Reached XP level 3. HP: 29/29 MP: 3/3
  1473 | D:2      | You fall into a shaft and drop 1 floor!
  1486 | D:3      | Reached skill level 1 in Bows
  1486 | D:3      | Reached XP level 4. HP: 33/35 MP: 4/4
  1798 | D:3      | Found a burning altar of Makhleb.
  1800 | D:3      | Found an ornate altar of the Wu Jian Council.
  1813 | D:3      | Became a worshipper of Makhleb the Destroyer
  1973 | D:3      | Reached XP level 5. HP: 39/41 MP: 5/5
  1999 | D:3      | Found a bloodstained altar of Trog.
  2374 | D:3      | Found a shimmering altar of Xom.
  2398 | D:3      | Reached skill level 1 in Invocations
  2667 | D:3      | Noticed an ogre
  2691 | D:3      | Killed an ogre
  2692 | D:3      | Reached skill level 1 in Axes
  2692 | D:3      | Reached XP level 6. HP: 48/48 MP: 5/7
  2982 | D:4      | Reached * piety under Makhleb
  3847 | D:4      | Identified the +9 whip of Sharp Resourcefulness {flame,
                  | *Rage *Corrode +Rage rPois}
  3916 | D:4      | Reached XP level 7. HP: 27/54 MP: 9/9
  4631 | D:5      | Entered Level 5 of the Dungeon
  5076 | D:4      | Slain by an ogre

Illustrated notes

Levels and vault maps discovered:
D:1:      dpeg_arrival_chambers_temple_mockup, layout_loops_ring,
          shapermc_ecumenical_altar_gd, hangedman_abyss_or_decor_stabs
D:2:      layout_basic, lemuel_another_geyser
D:3:      layout_loops_corners, trog_butcher_becter, xom_confusion_cloud,
          chequers_temple_overflow_statue_of_worship, grunt_decor_mini_mirrors
D:4:      layout_basic, serial_co_window_serial, co_window_paths_a,
          co_window_paths_b, co_window_paths_b, co_window_paths_a,
          co_window_paths_a, co_window_corner_a, co_window_paths_b,
          co_window_cross_1, co_window_paths_a, co_window_corner_ca,
          co_window_of_opportunity_b, co_window_broadway_b, co_window_paths_e,
          glass_columns_c, glass_columns_c, glass_columns_b, glass_columns_a,
          glass_columns_a
D:5:      layout_basic

Skill      XL: |  1  2  3  4  5  6  7 |
---------------+----------------------+-----
Short Blades   | 3 |  3.8
Bows           | 1 |  1.4
Invocations    | 2 3 4 |  4.2
Axes           | 1 2 3 |  3.6
Fighting       | 4 |  4.5
Armour         | |  3.0
Shields        | |  3.0

Action                   |  1- 3 |  4- 6 |  7- 9 || total
-------------------------+-------+-------+-------++-------
Melee: Rapier            |    34 |       |       ||    34
       Short sword       |    54 |       |       ||    54
       Dagger            |    17 |   182 |    75 ||   274
       Broad axe         |       |       |     6 ||     6
  Use: Potion            |       |     2 |       ||     2
       Scroll            |       |       |     8 ||     8
Armor: Scale mail        |    59 |    53 |    43 ||   155
Dodge: Dodged            |    35 |    55 |    21 ||   111
Block: Kite shield       |    28 |    60 |    30 ||   118

Table legend: (Time is in decaauts)
 A = Elapsed time spent in this place.
 B = Non-inter-level travel time spent in this place.
 C = Inter-level travel time spent in this place.
 D = Time resting spent in this place.
 E = Time spent auto-exploring this place.
 F = Levels seen in this place.
 G = Mean time per level.
                   A        B        C        D        E       F      G
               +--------+--------+--------+--------+--------+-----+--------+
         Total |   5107 |   4964 |    143 |    368 |   3647 |   5 | 1021.4 |
       Dungeon |   5107 |   4964 |    143 |    368 |   3647 |   5 | 1021.4 |
               +--------+--------+--------+--------+--------+-----+--------+

Top non-repeatable levels by time:
     D:4: 1739 daAuts
     D:3: 1476 daAuts
     D:1: 1111 daAuts
     D:5: 406 daAuts
     D:2: 373 daAuts
